 Dungeon Crawl Stone Soup version 0.27-a0-909-g0721f309d1 (webtiles) character file.

Game seed: 14945914686066757171

5 EnegeticOcto the Magician (level 1, 9/15 HPs)
             Began as a Djinni Earth Elementalist on Apr 8, 2021.
             Was a Follower of Qazlal.
             Quit the game on level 1 of the Dungeon.
             The game lasted 00:00:52 (128 turns).

EnegeticOcto the Magician (DjEE)                     Turns: 128, Time: 00:00:52

Health: 9/15       AC:  2    Str:  7    XL:     1   Next: 80%
Gold:   0          EV: 12    Int: 16    God:    Qazlal [*.....] SH:  1 Dex: 13

rFire    + + .     SeeInvis .   (no weapon)
rCold    x . .     Faith    .   (no shield)
rNeg     . . .     Spirit   .   c - +0 robe
rPois    ∞         Reflect  .   (no helmet)
rElec    .         Harm     .   (no cloak)
rCorr    .         Rampage  .   (no gloves)
Will     .....                  (boots unavailable)
Stlth    ++........             (no amulet)
HPRegen  0.05/turn              (no ring)
MPRegen  0.00/turn              (no ring)

@: flying
A: fire resistance 2, cold vulnerability 1, float, innate caster, hp casting,
extra vitality 1
a: Renounce Religion


You were on level 1 of the Dungeon.
You worshipped Qazlal.
Qazlal was aware of your devotion.
You visited 1 branch of the dungeon, and saw 1 of its levels.

Inventory:

Missiles
 b - 60 stones
Armour
 c - a +0 robe (worn)


   Skills:
 - Level 2.1 Dodging
 - Level 1.5 Stealth
 + Level 3.0 Spellcasting


You couldn't memorise any spells.
You knew the following spells:

 Your Spells              Type           Power      Damage    Failure   Level
a - Sandblast             Erth           24%        2d8       5%          1
b - Stone Arrow           Conj/Erth      24%        3d8       16%         3
c - Petrify               Tmut/Erth      12%        N/A       47%         4
d - Lee's Rapid Deconstr  Erth           6%         3d7*      83%         5
p - Passwall              Tmut/Erth      10%        N/A       9%          2
Your spell library was empty.

Dungeon Overview and Level Annotations

Branches:
Dungeon (1/15)

Altars:
Qazlal


Innate Abilities, Weirdness & Mutations

You are immune to poison.
Your flesh is very heat resistant. (rF++)
You are vulnerable to cold. (rC-)
You float through the air rather than walking.
You learn spells naturally, not from books.
Your magical power is your life essence.
You have superior vitality. (+4 HP)


Message History

Found 27 bolts.
Found a staircase leading out of the dungeon.
You begin with the following spells memorised: Sandblast, Passwall, Stone Arrow, Petrify, Lee's Rapid Deconstruction.
A kobold comes into view. It is wielding a +0 whip.
The kobold shouts!
Cast which spell? (? or * to list)
Aiming: Sandblast (safe; 6% risk of failure)
Press: ? - help, Shift-Dir - straight line, f - kobold
Aim: a kobold, wielding a +0 whip (26% to evade)
The blast of sand hits the kobold.
You kill the kobold!
Things that are here:
a +0 whip; a kobold corpse
Found a scroll labelled PAEXTU QENGAPS.
A giant cockroach comes into view.
You see here a scroll labelled PAEXTU QENGAPS.
a - a scroll labelled PAEXTU QENGAPS
There are no items here.
Casting: Sandblast (safe; 6% risk of failure)
Confirm with . or Enter, or press ? or * to list all spells.
Aiming: Sandblast (safe; 6% risk of failure)
Press: ? - help, Shift-Dir - straight line, f - giant cockroach
Aim: a giant cockroach (21% to evade)
The blast of sand hits the giant cockroach.
You kill the giant cockroach!
You see here a giant cockroach corpse.
You reach down and open the door.
A kobold comes into view. It is wielding a +0 club.
Found 16 gold pieces.
There is an open door here.
Casting: Sandblast (safe; 6% risk of failure)
Confirm with . or Enter, or press ? or * to list all spells.
Aiming: Sandblast (safe; 6% risk of failure)
Press: ? - help, Shift-Dir - straight line, f - kobold
Aim: a kobold, wielding a +0 club (asleep, 0% to evade)
The blast of sand hits the kobold.
The kobold is moderately wounded.
The kobold shouts!
The kobold closely misses you.
You hit the kobold but do no damage.
The kobold is moderately wounded.
The kobold completely misses you.
Casting: Sandblast (safe; 6% risk of failure)
Confirm with . or Enter, or press ? or * to list all spells.
Aiming: Sandblast (safe; 6% risk of failure)
Press: ? - help, Shift-Dir - straight line, f/p - kobold
Aim: a kobold, wielding a +0 club (moderately wounded, 26% to evade)
The blast of sand hits the kobold!
You kill the kobold!
Found a scroll labelled HILESO ZIPRIY.
d - a scroll labelled HILESO ZIPRIY You reach down and open the door.
There is an open door here.
A hobgoblin comes into view.
Found 21 stones.
Casting: Sandblast (safe; 5% risk of failure)
Confirm with . or Enter, or press ? or * to list all spells.
Aiming: Sandblast (safe; 5% risk of failure)
Press: ? - help, Shift-Dir - straight line, f - hobgoblin
Aim: a hobgoblin (asleep, 0% to evade)
The blast of sand hits the hobgoblin.
You kill the hobgoblin!
Your Spellcasting skill increases to level 3!
b - 46 stones (gained 21)
You see here a hobgoblin corpse.
Found 14 stones.
b - 60 stones (gained 14)
You reach down and open the door.
There is an open door here.
Found a faded altar of an unknown god.
You hit the fungus.
The fungus begins to die.
The fungus is lightly damaged.
A nearby fungus withers and dies.
You hit the plant but do no damage. You completely miss the plant.
You hit the plant but do no damage. You hit the plant.
The plant begins to die.
The plant is lightly damaged.
You hit the plant but do no damage. You completely miss the plant.
You hit the plant.
The plant begins to die.
The plant is lightly damaged.
You hit the plant but do no damage.
The plant is lightly damaged.
You hit the plant.
The plant is lightly damaged.
A nearby plant withers and dies.
There is a faded altar of an unknown god here.
You cannot tell which god this altar belongs to.
Convert to them anyway?
Qazlal accepts your prayer! Qazlal welcomes you!
Qazlal grants you and your divine allies immunity to clouds.
You are now surrounded by a storm.
As you read the scroll labelled PAEXTU QENGAPS, it crumbles to dust.
You hear a loud clanging noise!
It was a scroll of noise.
You hear a shout!
You hear an angry hiss.
As you read the scroll labelled HILESO ZIPRIY, it crumbles to dust.
Your body is wracked with pain!
It was a scroll of torment.
Are you sure you want to abandon this character and quit the game? (Confirm with "yes".)

# .+### ...# ##
########.## ###
P.#.#...#...## ##.#
.#.#.#P#.#.#....####...
.....P...PP.....'......
.#.#.#P#.#.#....####...
#@#...#...## ##.#
.#.#.#.#.#.#..## #.#
..PP.P.P..P....# #..
..#.#.#.#.#.#..# ###
...#.#...#..# ###
########..# ... .##


There were no monsters in sight!

Vanquished Creatures
  A giant cockroach (D:1)
  A hobgoblin (D:1)
  2 kobolds (D:1)
4 creatures vanquished.

Vanquished Creatures (others)
  A fungus (D:1)
  2 plants (D:1)
3 creatures vanquished.

Grand Total: 7 creatures vanquished

Notes
Turn   | Place    | Note
-------+----------+-------------------------------------------
     0 | D:1      | EnegeticOcto the Djinni Earth Elementalist began the quest
                  | for the Orb.
     0 | D:1      | Reached XP level 1. HP: 15/15 MP: 0/0
    60 | D:1      | Reached skill level 3 in Spellcasting
    97 | D:1      | Found a faded altar of an unknown god.
   125 | D:1      | Became a worshipper of Qazlal Stormbringer
   125 | D:1      | Reached * piety under Qazlal
   128 | D:1      | Quit the game

Illustrated notes

Levels and vault maps discovered:
D:1:      eino_arrival_water_star, layout_loops_corners,
          shapermc_ecumenical_altar_mp_urbaneastern,
          hangedman_decor_diamond_cutter, minmay_statues_item,
          minmay_pentomino_z4

Skill      XL: |  1 |
---------------+----+-----
Spellcasting   | 3 |  3.0
Dodging        | |  2.1
Stealth        | |  1.5

Action                   || total
-------------------------++-------
Melee: Unarmed           ||    11
 Cast: Sandblast         ||     5
  Use: Scroll            ||     2
Dodge: Dodged            ||     2

Table legend: (Time is in decaauts)
 A = Elapsed time spent in this place.
 B = Non-inter-level travel time spent in this place.
 C = Inter-level travel time spent in this place.
 D = Time resting spent in this place.
 E = Time spent auto-exploring this place.
 F = Levels seen in this place.
 G = Mean time per level.
                   A        B        C        D        E       F      G
               +--------+--------+--------+--------+--------+-----+--------+
         Total |    128 |    128 |      0 |      0 |      0 |   1 |  128.0 |
       Dungeon |    128 |    128 |      0 |      0 |      0 |   1 |  128.0 |
               +--------+--------+--------+--------+--------+-----+--------+

Top non-repeatable levels by time:
     D:1: 128 daAuts
